Description

Proxy probe should be scout while building hide Pylons, and by 2:20, a forward Pylon should be constructed at the entrance of the opponent's base (for adept harass).

If you want to go for all-in, you can build a proxy robo instead of the council

VOD

https://youtu.be/tOxAjUdymbU?si=YrsngMb4nPJ6eFtD

Replay - chomama vs PartinG - Hard Lead LE

Build Order

Get SALT Encoding   

  14  0:18  Pylon  
  15  0:38  Gateway  lets go outside
  16  0:46  Assimilator  
  18  0:58  Pylon  Proxy
  19  1:20  Gateway x2  Proxy and
  19  1:31  Cybernetics Core  
  20  1:41  Assimilator  
  21  2:00  Zealot  find proxy or rush
  24  2:06  Adept x2 (Chrono Boost)  Proxy
  28  2:16  Warp Gate (Chrono Boost), Pylon  Chrono boost 1 time, 1 pylon hide enemy base
  30  2:40  Adept x2  Proxy
  32  2:44  Stalker  
  34  3:01  Pylon  build next nexus
  31  3:20  Stalker  
  31  3:22  Shield Battery  to prevent oracle harass
  31  3:38  Twilight Council  vs stargate
  27  3:50  Nexus  
  27  4:02  Adept x2  enemy base
  31  4:14  Blink (Chrono Boost)  
Spawning Tool Build Advisor. Get it on Overwolf

Analysis

PartinG prefers the 2-base opening after the Oracle, so I chose the Twilight Council. Since most protoss prepare for all-ins, it's better to go for Robotics tech

Go to:

Details

  • Created by: chomama17
  • Published on: Mar 15, 2024
  • Modified on: Mar 15, 2024
  • Patch: 5.0.11
  • Difficulty: Medium
Show
View Real Time Build Order
Export as new Build Order

Comments (0)

There are no comments. Be the first!

Create an account to comment!